 Dungeon Crawl Stone Soup version 0.23.0-3-gf3c87f2 (webtiles) character file.

Game seed: 4789486587896570191

268 misha the Poker (level 6, 0/49 HPs)
             Began as a Merfolk Gladiator on Feb 22, 2019.
             Killed by nerve-wracking pain
             ... invoked by Menkaure
              (7 damage)
             ... on level 5 of the Dungeon.
             The game lasted 00:25:16 (6651 turns).

misha the Poker (Merfolk Gladiator)                 Turns: 6651, Time: 00:25:17

Health: 0/49       AC: 10    Str: 16    XL:     6   Next: 21%
Magic:  6/6        EV:  8    Int:  7    God:
Gold:   165        SH:  0    Dex: 16    Spells: 5/5 levels left

rFire    + . .     SeeInvis .   (no weapon)
rCold    . . .     Gourm    .   (no shield)
rNeg     . . .     Faith    .   o - +1 chain mail {rF+}
rPois    .         Spirit   .   c - +0 helmet
rElec    .         Reflect  .   (no cloak)
rCorr    .         Harm     .   (no gloves)
MR       .....                  (no boots)
Stlth    ..........             (no amulet)
HPRegen  0.16/turn              D - ring of wizardry
MPRegen  0.10/turn              (no ring)

@: no status effects
A: change form in water, swift swim, stealthy swim
a: no special abilities


You were on level 5 of the Dungeon.
You were not hungry.

You visited 1 branch of the dungeon, and saw 5 of its levels.

You collected 165 gold pieces.

Inventory:

Hand Weapons
 a - a +3 dagger of holy wrath
 b - a +3 quarterstaff of chaos
 B - a +0 hunting sling
Missiles
 d - 2 throwing nets (quivered)
 e - 109 stones
 g - 32 arrows
 i - 18 bolts
 k - 42 sling bullets
 E - 3 curare-tipped needles
Armour
 c - a +0 helmet (worn)
 h - a +0 leather armour
 o - a +1 chain mail of fire resistance (worn)
Jewellery
 D - a ring of wizardry (left hand)
Scrolls
 j - a scroll of magic mapping {unknown}
 l - a scroll of enchant weapon
 y - a scroll of fog
 A - a scroll of teleportation
 C - 2 scrolls of remove curse
 F - 5 scrolls of identify
 G - a scroll of amnesia {unknown}
Potions
 n - a potion of berserk rage
 q - 8 potions of curing
 r - a potion of might
 H - a potion of magic {unknown}
 I - a potion of ambrosia {unknown}
Comestibles
 f - 3 rations


   Skills:
 + Level 4.7 Fighting
 + Level 0.0 Short Blades
   Level 7.4 Polearms
 + Level 0.0(2.4) Staves
 - Level 2.1 Throwing
 + Level 0.2 Armour
 - Level 4.6 Dodging
   Level 0.0 Invocations


You had 5 spell levels left.
You didn't know any spells.
Your spell library was empty.

Dungeon Overview and Level Annotations

Branches:
Dungeon (5/15)
 Temple: D:4-7

Altars:
Ashenzari
Cheibriados
Gozag
Hepliaklqana
Okawaru
Qazlal
Sif Muna
Trog
Vehumet
Yredelemnul

Annotations:
D:5 Menkaure


Message History

Menkaure calls on the powers of darkness!
Your body is wracked with pain!
* * * LOW HITPOINT WARNING * * *
Menkaure calls on the powers of darkness!
Your body is wracked with pain!
* * * LOW HITPOINT WARNING * * *
Your chain mail prevents you from hitting Menkaure.
Menkaure is moderately damaged.
You hit Menkaure but do no damage.
Menkaure is moderately damaged.
Menkaure closely misses you.
You hit Menkaure but do no damage.
Menkaure is moderately damaged.
Menkaure gestures at you while chanting.
You barely resist. You hit Menkaure but do no damage.
Menkaure is moderately damaged.
Menkaure points at you and mumbles some strange words.
Pain shoots through your body!
You die...

.#.........###.##
.###.....#......# .#
##...######..#
.#####..........#
.......########.# ######.#
#.####### ##'## #.......#
##...#######.#####.#
##.....##.....@M.#
##.......#.###..#.#
##..........# #....#
.'........................
##.................##.####
##.......#####...... #
##.....## ##.....# ##...##
.#.#.#.# #+## ##.....##


You could see Menkaure.

Vanquished Creatures
  A hound (D:4)
  Crazy Yiuf (D:2)
  2 worker ants
  6 adders
  An ooze (D:1)
  2 worms (D:2)
  4 dart slugs
  2 leopard geckos
  5 orcs
  3 giant cockroaches
  9 goblins
  14 hobgoblins
  13 kobolds
  A ball python (D:3)
  8 bats
  2 frilled lizards
  A quokka skeleton (D:4)
  7 rats
82 creatures vanquished.

Notes
Turn   | Place    | Note
-------+----------+-------------------------------------------
     0 | D:1      | misha the Merfolk Gladiator began the quest for the Orb.
     0 | D:1      | Reached XP level 1. HP: 16/16 MP: 1/1
   143 | D:1      | Reached XP level 2. HP: 9/22 MP: 2/2
   608 | D:1      | Reached skill level 5 in Polearms
   824 | D:1      | Reached XP level 3. HP: 26/28 MP: 3/3
  2195 | D:2      | HP: 1/29 [adder (2)]
  2435 | D:2      | Reached XP level 4. HP: 26/35 MP: 4/4
  3273 | D:2      | Reached skill level 6 in Polearms
  3422 | D:2      | Found a shattered altar of Ashenzari.
  3423 | D:2      | Found a deep blue altar of Sif Muna.
  3426 | D:2      | Found a hazy altar of Hepliaklqana.
  3427 | D:2      | Found a basalt altar of Yredelemnul.
  3427 | D:2      | Found a snail-covered altar of Cheibriados.
  3432 | D:2      | Found a stormy altar of Qazlal.
  3443 | D:2      | Found a radiant altar of Vehumet.
  3611 | D:2      | Found a runed translucent door.
  3612 | D:2      | Noticed Crazy Yiuf
  4125 | D:2      | Killed Crazy Yiuf
  4125 | D:2      | Reached XP level 5. HP: 42/42 MP: 5/5
  4459 | D:3      | Found a bloodstained altar of Trog.
  5543 | D:3      | Found an iron altar of Okawaru.
  5543 | D:3      | Found an opulent altar of Gozag.
  5773 | D:3      | Became a worshipper of Warmaster Okawaru
  5826 | D:4      | Reached skill level 7 in Polearms
  5906 | D:4      | Reached XP level 6. HP: 43/49 MP: 6/6
  6552 | D:5      | Entered Level 5 of the Dungeon
  6616 | D:5      | Noticed Menkaure
  6619 | D:5      | Fell from the grace of Okawaru
  6651 | D:5      | Killed from afar by Menkaure

Skill      XL: |  1  2  3  4  5 |
---------------+----------------+-----
Polearms       | 5 6 7 |  7.4
Fighting       | 3 4 |  4.7
Throwing       | |  2.1
Armour         | |  0.2
Dodging        | |  4.6

Action                   |  1- 3 |  4- 6 || total
-------------------------+-------+-------++-------
Melee: Trident           |    20 |       ||    20
       Mace              |   121 |    80 ||   201
       Dagger            |       |   127 ||   127
       Quarterstaff      |       |     6 ||     6
       Unarmed           |       |    17 ||    17
Throw: Throwing net      |       |     1 ||     1
Invok: Renounce Religion |       |     1 ||     1
  Use: Scroll            |     4 |     6 ||    10
 Stab: Sleeping          |     1 |       ||     1
  Eat: Chunk             |     4 |     3 ||     7
       Ration            |       |     4 ||     4
Armor: Leather armour    |    61 |    17 ||    78
       Chain mail        |       |   118 ||   118
Dodge: Dodged            |   193 |   132 ||   325
